 Dungeon Crawl Stone Soup version 0.30-a0-29-g142975f185 (webtiles) character file.

Game seed: 12431575218699331538

112 runemasterragnar the Ruffian (level 4, -3/36 HPs)
             Began as a Draconian Transmuter on Aug 26, 2022.
             Was a Follower of Fedhas.
             Killed from afar by Natasha (16 damage)
             ... with a bolt of dispelling energy
             ... on level 2 of the Dungeon.
             The game lasted 00:02:17 (1730 turns).

runemasterragnar the Ruffian (Draconian Transmuter) Turns: 1730, Time: 00:02:18

Health: -3/36      AC:  5    Str: 12    XL:     4   Next: 64%
Magic:  1/7        EV: 12    Int: 16    God:    Fedhas [*.....]
Gold:   82         SH:  0    Dex: 11    Spells: 2/8 levels left

rFire   . . .      SeeInvis .      - Unarmed
rCold   . . .      Faith    .    (no shield)
rNeg    . . .      Spirit   .    (body armour unavailable)
rPois   .          Reflect  .    (helmet restricted)
rElec   .          Harm     .    (no cloak)
rCorr   .          Rampage  .    (no gloves)
Will    .....                    (no boots)
Stlth   +.........               (no amulet)
HPRegen 0.12/turn                (no ring)
MPRegen 0.10/turn                (no ring)

@: no status effects
A: AC +5, unfitting armour, cold-blooded
a: Renounce Religion


You were on level 2 of the Dungeon.
You worshipped Fedhas.
Fedhas was aware of your devotion.
You visited 1 branch of the dungeon, and saw 2 of its levels.

You collected 82 gold pieces.

Inventory:

Scrolls
 b - a scroll of identify {unknown}
Potions
 a - a potion of lignification


   Skills:
 + Level 2.1 Fighting
 + Level 2.4 Dodging
 + Level 3.5 Unarmed Combat
 + Level 2.5 Spellcasting
 * Level 3.2 Transmutations


You had 2 spell levels left.
You knew the following spells:

 Your Spells              Type           Power      Damage    Failure   Level
a - Beastly Appendage     Tmut           24%        N/A       5%          1
b - Wereblood             Tmut           12%        N/A       8%          2
c - Spider Form           Tmut/Pois      7%         N/A       30%         3

Your spell library contained the following spells:

 Spells                   Type           Power      Damage    Failure   Level
 Ice Form                 Ice/Tmut       7%         N/A       71%         4
 Summon Forest            Summ/Tloc      1%         N/A       99%         5
 Eringya's Noxious Bog    Tmut/Pois      3%         N/A       100%        6
 Summon Hydra             Summ           1%         N/A       100%        7


Dungeon Overview and Level Annotations

Branches:
Dungeon (2/15)

Altars:
Fedhas

Annotations:
D:2 Natasha


Innate Abilities, Weirdness & Mutations

Your plain brown scales are hard. (AC +5)
You cannot fit into any form of body armour.
You are cold-blooded and may be slowed by cold attacks.


Message History

Confirm with . or Enter, or press ? or * to list all spells.
You grow a pair of large bovine horns.
Your feet morph into talons.
The shadow imp hits you.
Really quaff the potion of lignification?
Uppercase [Y]es or [N]o only, please.
Really quaff the potion of lignification?
Your horns disappear.
Your talons disappear.
You turn into a tree.
Your roots penetrate the ground.
Natasha wildly gestures.
You feel disoriented.
The shadow imp hits you but does no damage.
You barely miss the shadow imp. You hit the shadow imp.
The shadow imp is moderately wounded.
Natasha casts a spell.
The shadow imp hits you but does no damage.
You closely miss the shadow imp.
The shadow imp is moderately wounded.
The shadow imp hits you but does no damage.
You hit the shadow imp.
The shadow imp is severely wounded.
The shadow imp hits you but does no damage.
Your magical contamination has completely faded away.
You hit the shadow imp.
You kill the shadow imp!
The shadow imp disappears in a puff of smoke!
You smack Natasha!
Natasha is severely wounded.
Natasha claws you but does no damage.
You barely miss Natasha.
Natasha is severely wounded.
Natasha zaps a wand.
The bolt of dispelling energy hits you but does no damage.
Your magical effects are unravelling.
You barely miss Natasha.
Natasha is severely wounded.
You feel less wooden.
Natasha zaps a wand.
The bolt of dispelling energy hits you!
You die...
Fedhas appreciates your contribution to the ecosystem.

######^...###.###.#.#####
####...#...#.#.##...
########.#..##.....##.##
..........#.....#.###.#
#####.....#.###.....# #.#
...<......#.###.#.#####.##
...#........##....#...#.#.
..........#.##..###.#.#.#.
........@#..h......#..†..
.##.....h5###..# ####...
###....†.....###....#'
#............†......
#...........#.......
#.........#.........
#>........###>#.....
#.........# #.#.....
#.........# #.#....†


You could see an iron imp (summoned) and Natasha.

Vanquished Creatures
  Natasha (twice) (D:2)
  2 adders (D:2)
  3 worms (D:2)
  8 endoplasms (D:1)
  2 goblins (D:1)
  4 hobgoblins
  4 quokkas
  2 ball pythons (D:2)
  3 bats (D:1)
  2 frilled lizards (D:1)
  3 kobolds
35 creatures vanquished.

Notes
Turn   | Place    | Note
-------+----------+-------------------------------------------
     0 | D:1      | runemasterragnar the Draconian Transmuter began the quest
                  | for the Orb.
     0 | D:1      | Reached XP level 1. HP: 16/16 MP: 3/3
   212 | D:1      | Reached XP level 2. HP: 22/23 MP: 3/5
   601 | D:1      | Found a faded altar of an unknown god.
   628 | D:1      | Prayed at the altar of an unknown god.
   628 | D:1      | Became a worshipper of Fedhas Madash
   628 | D:1      | Reached * piety under Fedhas
   995 | D:2      | Reached XP level 3. HP: 27/29 MP: 4/6
  1506 | D:2      | Noticed Natasha
  1513 | D:2      | Learned a level 2 spell: Wereblood
  1517 | D:2      | Learned a level 3 spell: Spider Form
  1523 | D:2      | Killed Natasha
  1524 | D:2      | Reached XP level 4. HP: 25/36 MP: 3/7
  1687 | D:2      | Noticed Natasha
  1695 | D:2      | Killed Natasha
  1716 | D:2      | Noticed Natasha
  1730 | D:2      | Killed from afar by Natasha

Illustrated notes

Levels and vault maps discovered:
D:1:      enne_arrival_octagon_isle, layout_rooms,
          hellmonk_ecumenical_altar_inner_sanctum, grunt_decor_cap
D:2:      layout_basic, uniq_robin, uniq_natasha, uniq_sigmund

Skill      XL: |  1  2  3 |
---------------+----------+-----
Dodging        | 2 |  2.4
Fighting       | 2 |  2.1
Transmutations | 3 |  3.2
Unarmed Combat | |  3.5
Spellcasting   | |  2.5

Action                   |  1- 3 |  4- 6 || total
-------------------------+-------+-------++-------
Melee: Unarmed           |    87 |    18 ||   105
       Kick              |    17 |     2 ||    19
       Headbutt          |     9 |     1 ||    10
       Tailslap          |     9 |     1 ||    10
 Cast: Beastly Appendage |    22 |     4 ||    26
       Spider Form       |     1 |     1 ||     2
  Use: Potion            |       |     1 ||     1
 Stab: Sleeping          |     1 |       ||     1
Armor: Skin              |    13 |     6 ||    19
Dodge: Dodged            |    51 |     6 ||    57

Table legend: (Time is in decaauts)
 A = Elapsed time spent in this place.
 B = Non-inter-level travel time spent in this place.
 C = Inter-level travel time spent in this place.
 D = Time resting spent in this place.
 E = Time spent auto-exploring this place.
 F = Levels seen in this place.
 G = Mean time per level.
                   A        B        C        D        E       F      G
               +--------+--------+--------+--------+--------+-----+--------+
         Total |   1730 |   1695 |     35 |      0 |   1436 |   2 |  865.0 |
       Dungeon |   1730 |   1695 |     35 |      0 |   1436 |   2 |  865.0 |
               +--------+--------+--------+--------+--------+-----+--------+

Top non-repeatable levels by time:
     D:1: 980 daAuts
     D:2: 750 daAuts
